cohdb
Replays
Latest Replays
All Replays
Popular Replays
Top Player Replays
Match Explorer
How It Works
Community
CoH3 Stats
Reddit
Sign in to upload your games and track your stats! →
Sign in with Steam
Match 43927294
Unlisted
Match 43927294
Overview
Messages
Build Orders
End
Selects Airborne Battlegroup
Selects Heavy Machine Gun Paradrop
Heavy Machine Gun Paradrop
Scout Squad
Engineer Squad
Construct Weapon Support Center
Bazooka Squad
Infantry Support Center
Selects Paratrooper Squad Paradrop
Paratrooper Squad Paradrop
Construct Medical Station
Construct Tank Depot
Selects Anti-tank Gun Team Paradrop
Paratrooper Squad Paradrop
Selects Recon Loiter
M4(105) Sherman Bulldozer
M4(105) Sherman Bulldozer
Castellan
DoppelFey
MAPE
101师--林老虎
MrZob
Mustache and Melons
A Quick Workaround
mbkm
0
0
Comments
sign in to comment!
No comments posted yet!